Map: Catalyst LE

Players

Juxtapose - Winner!

  • Race: Terran Terran
  • League: Platinum
  • Spawn Location: 5:00

VaaZerg

  • Race: Zerg Zerg
  • League: Diamond
  • Spawn Location: 11:00

VOD

https://youtu.be/rN7zJFOMFUM

Description

Once again, I go for a simple and classic Siege Tank push, and had fun doing it.

Time

  • Played on: Feb. 3, 2018, 7:20 p.m.
  • Length: 7:18
Show
View Real Time Build Order
Export as new Build Order

Juxtapose Terran - Winner!

Build Orders:  

Get SALT Encoding   

  12  0:01  SCV  
  13  0:13  SCV  
  14  0:22  Supply Depot  
  14  0:25  SCV  
  15  0:43  SCV  
  15  0:48  Barracks  
  16  0:51  Supply Depot  
  16  0:55  SCV  
  17  1:05  Refinery  
  17  1:08  SCV  
  18  1:12  Refinery  
  18  1:20  SCV  
  19  1:35  Orbital Command  
  19  1:44  Marine  
  20  1:59  Factory  
  20  2:00  SCV  
  21  2:06  Barracks Reactor  
  21  2:13  SCV  
  22  2:15  Engineering Bay  
  22  2:25  SCV  
  23  2:37  SCV  
  23  2:42  Factory Tech Lab  
  24  2:45  Marine x2  
  24  2:49  SCV  
  24  2:50  Supply Depot  
  27  2:56  Terran Infantry Weapons Level 1  
  27  2:57  Supply Depot  
  27  3:01  SCV  
  27  3:04  Siege Tank  
  31  3:11  Marine x2  
  33  3:15  Supply Depot  
  33  3:27  Missile Turret  
  33  3:29  Marine x2  
  35  3:37  Siege Tank  
  38  3:47  Marine x2  
  40  3:57  Command Center  
  40  4:04  Marine x2  
  42  4:15  Siege Tank  
  45  4:22  Marine x2  
  47  4:40  Marine x2  
  48  4:58  Marine x2  
  48  4:59  Terran Infantry Armor Level 1  
  50  5:12  Orbital Command  
  50  5:14  Siege Tank  
  50  5:16  Marine x2  
  50  5:21  Starport  
  55  5:28  Orbital Command  
  55  5:33  Marine x2  
  57  5:46  Siege Tank  
  60  5:51  Marine x2  
  62  5:59  Starport Reactor  
  62  6:05  SCV x2  
  64  6:15  Marine x2  
  68  6:18  Siege Tank  
  66  6:33  Marine x2  
  63  6:50  Marine  
  63  6:51  Marine  
Show
View Real Time Build Order
Export as new Build Order

VaaZerg Zerg 

Build Orders: Hatch First 

Get SALT Encoding   

  12  0:01  Drone  
  13  0:08  Drone  
  14  0:17  Overlord  
  14  0:43  Hatchery  
  14  0:47  Drone  
  14  0:50  Drone  
  14  0:54  Drone  
  16  0:59  Drone  
  17  1:15  Spawning Pool  
  17  1:18  Drone  
  17  1:23  Extractor, Drone  
  17  1:36  Drone  
  18  1:42  Drone  
  19  1:57  Overlord  
  19  2:02  Queen  
  19  2:03  Queen  
  19  2:05  Drone x2  
  25  2:09  Drone  
  25  2:14  Drone  
  27  2:20  Drone  
  27  2:21  Extractor  
  27  2:23  Drone  
  27  2:27  Drone  
  29  2:37  Drone  
  31  2:44  Zergling x2  
  31  2:46  Drone  
  32  2:52  Drone  
  32  2:57  Drone  
  34  2:59  Drone  
  35  3:06  Metabolic Boost  
  35  3:08  Hatchery  
  35  3:09  Overlord  
  34  3:15  Extractor  
  33  3:24  Roach Warren  
  33  3:26  Drone x3  
  35  3:29  Drone  
  35  3:31  Drone  
  37  3:35  Drone  
  37  3:36  Drone  
  37  3:38  Drone  
  37  3:40  Drone  
  41  3:55  Drone x3  
  44  3:56  Overlord  
  44  3:57  Overlord  
  44  4:08  Overlord  
  44  4:09  Overlord  
  44  4:19  Roach x4  
  44  4:23  Queen  
  54  4:26  Lair  
  54  4:27  Drone  
  55  4:36  Drone x5  
  60  4:46  Drone x5  
  64  4:54  Queen  
  64  4:56  Drone x2  
  64  4:57  Drone  
  69  5:00  Extractor  
  69  5:01  Roach  
  69  5:02  Roach  
  72  5:18  Baneling Nest  
  71  5:26  Roach  
  71  5:28  Overlord x3  
  73  5:31  Ravager  
  74  5:49  Overseer  
  74  6:03  Overlord, Roach  
  74  6:04  Overlord, Roach  
  78  6:10  Roach  
  78  6:11  Roach x8  
  87  6:17  Roach x3  
  88  6:26  Roach  
  88  6:27  Roach  
  92  6:33  Roach  
  92  6:34  Roach x3  
  100  6:42  Hatchery  
  61  7:00  Zergling x2  
Tags
 
Add a new tag
Caveats
  • Supply blocks, unpowered buildings, or Contaminate may cause inaccurate times.
  • Supply counts are checked every 10 seconds.